 Dungeon Crawl Stone Soup version 0.29.0-13-gc9e81de378 (webtiles) character file.

Game seed: 8622210373139598642

1259 casanoah the Magician (level 8, 0/52 HPs)
             Began as a Djinni Hedge Wizard on Sept 9, 2022.
             Slain by an iguana (8 damage)
             ... on level 6 of the Dungeon.
             The game lasted 00:12:14 (9347 turns).

casanoah the Magician (Djinni Hedge Wizard)         Turns: 9347, Time: 00:12:14

Health: 0/52       AC:  3    Str:  9    XL:     8   Next: 81%
Gold:   279        EV: 17    Int: 18    God:
                   SH:  0    Dex: 13

rFire   + + .      SeeInvis .   g - +2 dagger (elec)
rCold   x . .      Faith    .   (no shield)
rNeg    . . .      Spirit   .   b - +0 robe
rPois   ∞          Reflect  .   c - +0 hat
rElec   .          Harm     .   s - +0 cloak {Stlth+}
rCorr   .          Rampage  .   (no gloves)
Will    +....                   (boots unavailable)
Stlth   +++.......              (no amulet)
HPRegen 0.17/turn               a - +4 ring of evasion
MPRegen 0.00/turn               o - ring of willpower

@: flying
A: sickness immunity, fire resistance 2, cold vulnerability 1, float, innate
caster, HP casting, extra vitality 1
a: no special abilities


You were on level 6 of the Dungeon.
You visited 1 branch of the dungeon, and saw 6 of its levels.

You collected 279 gold pieces.

Inventory:

Hand Weapons
 g - a +2 dagger of electrocution (weapon)
Missiles
 r - a throwing net
Armour
 b - a +0 robe (worn)
 c - a +0 hat (worn)
 s - a +0 cloak of stealth (worn)
Jewellery
 a - a +4 ring of evasion (left hand)
 o - a ring of willpower (right hand)
Scrolls
 e - a scroll of vulnerability {unknown}
 f - a scroll of teleportation
 i - a scroll of fog {unknown}
 k - a scroll of enchant armour {unknown}
 l - a scroll of poison {unknown}
 m - a scroll of silence {unknown}
 q - a scroll of immolation {unknown}
Potions
 h - a potion of lignification
 j - a potion of heal wounds
 n - a potion of curing
 p - a potion of invisibility


   Skills:
 + Level 1.3 Fighting
 + Level 0.2 Short Blades
 + Level 3.4 Dodging
 + Level 2.8 Stealth
 + Level 7.4 Spellcasting


You had 4 spell levels left.
You knew the following spells:

 Your Spells              Type           Power      Damage    Failure   Level
a - Magic Dart            Conj           100%       1d8       1%          1
b - Blink                 Tloc           66%        N/A       1%          2
c - Call Imp              Summ           33%        N/A       1%          2
d - Slow                  Hex            100%       N/A       1%          1
e - Conjure Flame         Conj/Fire      33%        6-21      1%          3
f - Mephitic Cloud        Conj/Pois/Air  33%        N/A       1%          3
g - Necrotise             Necr           100%       1d9       1%          1
h - Passwall              Tmut/Erth      27%        N/A       1%          2
i - Searing Ray           Conj           66%        2d6       1%          2
Your spell library was empty.

Dungeon Overview and Level Annotations

Branches:
Dungeon (6/15)
 Temple: D:4-7

Altars:
Fedhas
Ru
Yredelemnul
Zin


Innate Abilities, Weirdness & Mutations

You are immune to sickness and miasma.
You are immune to poison.
Your flesh is very heat resistant. (rF++)
You are vulnerable to cold. (rC-)
You float through the air rather than walking.
You learn spells naturally, not from books.
Your magical power is your life essence.
You have superior vitality. (+4 MHP)


Message History

Casting: Necrotise (safe; 1% risk of failure)
Confirm with . or Enter, or press ? or * to list all spells.
Aiming: Necrotise (safe; 1% risk of failure)
Press: ? - help, Shift-Dir - straight line, f/p - centaur
Aim: a centaur, wielding a +0 shortbow (heavily wounded, chance to affect: 83%)
The centaur writhes in agony.
The centaur shoots an arrow.
The arrow hits you.
* * * LOW HITPOINT WARNING * * *
The centaur shoots an arrow.
The arrow hits you.
* * * LOW HITPOINT WARNING * * *
Unknown command.
You feel better.
The centaur shoots an arrow.
The arrow closely misses you.
The arrow barely misses the iguana.
You hear a shout! x2
Casting: Necrotise (safe; 1% risk of failure)
Confirm with . or Enter, or press ? or * to list all spells.
You blink.
* * * LOW HITPOINT WARNING * * *
The centaur shoots an arrow.
The arrow hits you!
* * * LOW HITPOINT WARNING * * *
You feel better.
You feel stable enough to blink again. The iguana barely misses you.
Found a scroll labelled ESAVUY JATS.
The centaur shoots an arrow.
The arrow barely misses you.
The centaur shoots an arrow.
The arrow barely misses you.
Casting: Blink (safe; 1% risk of failure)
Confirm with . or Enter, or press ? or * to list all spells.
Aiming: Mephitic Cloud (safe; 1% risk of failure)
Press: ? - help, Shift-Dir - straight line, f - iguana
Aim: an iguana (chance to affect: 86%)
The ball explodes into a vile cloud!
The stinking cloud engulfs the iguana but does no damage.
The stinking cloud engulfs you but does no damage.
* * * LOW HITPOINT WARNING * * *
You hear a shout! x2
The iguana is engulfed in noxious fumes.
The iguana closely misses you.
Unknown command.
The iguana attacks as you move away! The iguana bites you!
You die...

#.# #......#### #.#
#........... #.#
#.###..#####
..###.###..####
...#...)......#
.#............####.#
##.................####.
##...........c####......
##............§l@?.#
##..#.#.......######
....#.#........
......####.###.# ##.####
#. .# #.# #. .# ##.# .#
...# ####


You could see a centaur and an iguana.

Vanquished Creatures
  Menkaure (D:5)
  Duvessa (D:4)
  A black bear (D:4)
  A phantom (D:5)
  Blork the orc (D:5)
  4 scorpions
  Dowan (D:4)
  A hound (D:4)
  A jelly (D:5)
  An orc priest (D:4)
  Crazy Yiuf (D:5)
  3 iguanas
  2 orc wizards
  13 gnolls
  4 adders
  A shadow imp (D:4)
  2 ufetubi (D:5)
  2 worms
  2 dart slugs
  15 orcs
  3 bats
  8 endoplasms
  A giant cockroach (D:1)
  8 hobgoblins
  7 kobolds
  7 quokkas
  9 ball pythons
  3 frilled lizards
  11 goblins
  4 rats
119 creatures vanquished.

Vanquished Creatures (collateral kills)
  3 orcs
3 creatures vanquished.

Vanquished Creatures (others)
  7 withered plants (D:3)
7 creatures vanquished.

Grand Total: 129 creatures vanquished

Notes
Turn   | Place    | Note
-------+----------+-------------------------------------------
     0 | D:1      | casanoah the Djinni Hedge Wizard began the quest for the
                  | Orb.
     0 | D:1      | casanoah set off with the following spells memorised: Magic
                  | Dart, Blink, Call Imp, Slow, Conjure Flame, Mephitic Cloud.
     0 | D:1      | Reached XP level 1. HP: 15/15 MP: 0/0
   674 | D:1      | Reached XP level 2. HP: 16/21 MP: 0/0
  1010 | D:1      | Reached skill level 3 in Spellcasting
  1159 | D:1      | Reached XP level 3. HP: 22/25 MP: 0/0
  1159 | D:1      | Learned a level 1 spell: Necrotise
  1778 | D:2      | Reached XP level 4. HP: 27/31 MP: 0/0
  2296 | D:2      | Reached XP level 5. HP: 31/35 MP: 0/0
  2296 | D:2      | Learned a level 2 spell: Passwall
  2691 | D:2      | Reached skill level 4 in Spellcasting
  5102 | D:3      | Reached XP level 6. HP: 26/40 MP: 0/0
  5626 | D:4      | Noticed Duvessa
  5626 | D:4      | Noticed Dowan
  5636 | D:4      | Killed Duvessa
  5637 | D:4      | Reached skill level 5 in Spellcasting
  5637 | D:4      | Killed Dowan
  5638 | D:4      | Reached XP level 7. HP: 24/46 MP: 0/0
  5638 | D:4      | Learned a level 2 spell: Searing Ray
  6973 | D:4      | Found a blossoming altar of Fedhas.
  6979 | D:4      | Found a glowing silver altar of Zin.
  6984 | D:4      | Found a basalt altar of Yredelemnul.
  7028 | D:4      | Reached skill level 6 in Spellcasting
  7186 | D:5      | Entered Level 5 of the Dungeon
  7193 | D:5      | Reached skill level 1 in Fighting
  7476 | D:5      | Reached XP level 8. HP: 41/52 MP: 0/0
  7699 | D:5      | Found a sacrificial altar of Ru.
  7763 | D:5      | Noticed Menkaure
  7772 | D:5      | Killed Menkaure
  7773 | D:5      | Reached skill level 7 in Spellcasting
  8089 | D:5      | You are sucked into a shaft and drop 1 floor!
  8551 | D:5      | Noticed Blork the orc
  8556 | D:5      | Killed Blork the orc
  9006 | D:5      | Found a runed translucent door.
  9007 | D:5      | Noticed Crazy Yiuf
  9128 | D:5      | Killed Crazy Yiuf
  9338 | D:6      | HP: 2/52 [centaur/arrow (8)]
  9347 | D:6      | Slain by an iguana

Illustrated notes

Levels and vault maps discovered:
D:1:      wander_arrival_peaceful_grave, layout_basic,
          nicolae_kite_square_tiling_tiny
D:2:      layout_loops_ring, shapermc_ecumenical_altar_petra,
          minmay_misc_feat_hallway
D:3:      layout_loops_ring, kiku_gazebo_garden_becter, minmay_pentangle
D:4:      layout_basic, minmay_overflow_temple_star_quad,
          nicolae_elevator_lobby_plus, uniq_duvessa
D:5:      layout_cave_pools, nicolae_ru_awakened_eye, uniq_blork_the_orc,
          uniq_crazy_yiuf_cottage, uniq_menkaure
D:6:      due_chaos_kobolds, layout_loops_ring, lemuel_round_altar,
          minmay_temple_entry_overgrown, kennysheep_donut

Skill      XL: |  1  2  3  4  5  6  7  8 |
---------------+-------------------------+-----
Spellcasting   | 3 4 5 6 7 |  7.4
Stealth        | 2 |  2.8
Dodging        | 3 |  3.4
Fighting       | 1 |  1.3
Short Blades   | |  0.2

Action                   |  1- 3 |  4- 6 |  7- 9 || total
-------------------------+-------+-------+-------++-------
Melee: Dagger            |    23 |    32 |     1 ||    56
 Cast: Magic Dart        |    33 |     4 |    19 ||    56
       Necrotise         |    15 |   102 |   116 ||   233
       Conjure Flame     |       |     3 |     3 ||     6
       Passwall          |       |     2 |       ||     2
       Mephitic Cloud    |       |     1 |     3 ||     4
       Searing Ray       |       |       |     2 ||     2
       Blink             |       |       |     1 ||     1
  Use: Potion            |       |     3 |     2 ||     5
       Scroll            |       |     2 |     3 ||     5
Armor: Robe              |     4 |     8 |     4 ||    16
Dodge: Dodged            |    23 |    64 |    50 ||   137
